 Dungeon Crawl Stone Soup version 0.29.1-1-gd02db6906a (webtiles) character file.

Game seed: 9539700922964912194

123675 tardwrangler69 the Tortoise (level 16, -3/334 HPs)
             Began as a Minotaur Chaos Knight on Sept 28, 2022.
             Was a Plaything of Xom.
             Slain by a tarantella (11 damage)
             ... summoned by Xom
             ... on level 1 of the Spider Nest.
             The game lasted 01:27:20 (40820 turns).

tardwrangler69 the Tortoise (MiCK)                 Turns: 40820, Time: 01:27:21

Health: -3/334     AC: 28    Str: 27 (29) XL:     16   Next: 37%
Magic:  15/15      EV:  2    Int:  8      God:    Xom [.*....]
Gold:   1456       SH:  0    Dex:  6 (7)  Spells: 15/15 levels left

rFire   . . .      SeeInvis +   g - +5 morningstar of Peace {elec, Drain rC+ Will+++ SInv Stlth-}
rCold   + . .      Faith    +   S - +0 tower shield
rNeg    . . .      Spirit   .   (body armour currently unavailable)
rPois   +          Reflect  .   (helmet currently unavailable)
rElec   .          Harm     .   (cloak currently unavailable)
rCorr   +          Rampage  .   (gloves currently unavailable)
Will    ++++.      NoTele   +   (boots currently unavailable)
Stlth   ..........              q - amulet of faith
HPRegen 0.65/turn               o - ring of poison resistance
MPRegen 0.14/turn               d - ring of resist corrosion

@: confused, berserking (expiring), tree-form, very quick
A: stationary, stasis, torment immunity, boosted hp, (horns 2), (retaliatory
headbutt), (claws 1), clumsy 1, (deformed body), deterioration 1, mutation
resistance 1, (electricity resistance), strong 1, inability to drink after
injury 1, inability to read after injury 1
a: Renounce Religion


You were on level 1 of the Spider Nest.
You worshipped Xom.
You were a plaything of Xom.
You were a tree.
You visited 4 branches of the dungeon, and saw 22 of its levels.
You visited the Abyss 1 time.

You collected 4041 gold pieces.
You spent 2585 gold pieces at shops.

Inventory:

Hand Weapons
 b - the +8 battleaxe of Liaqosau {vorpal, rC++}
   (You bought it in a shop on level 2 of the Orcish Mines)

   It inflicts extra damage upon your enemies.
   rC:        It greatly protects you from cold.
 g - the +5 morningstar of Peace (weapon) {elec, Drain rC+ Will+++ SInv Stlth-}
   (You bought it in a shop on level 2 of the Dungeon)

   It occasionally discharges a powerful burst of electricity upon striking a
   foe.
   rC:        It protects you from cold.
   SInv:      It lets you see invisible.
   Drain:     It drains your maximum health when unequipped.
   Will:      It greatly increases your willpower.
   Stlth:     It makes you less stealthy.
 j - a +1 war axe
 G - the +5 sling of Cuoner {venom, rF++ Str-2 Dex+3}
   (You found it on level 11 of the Dungeon)

   Any ammunition fired from it poisons the flesh of those it strikes.
   Str:       It affects your strength (-2).
   Dex:       It affects your dexterity (+3).
   rF:        It greatly protects you from fire.
 K - a +6 flail of holy wrath
 R - the +11 halberd "Petevvus" {flame, SInv Stlth+}
   (You found it on level 5 of the Lair of Beasts)

   It burns those it strikes, dealing additional fire damage.
   Big, fiery blades are also staple armaments of hydra-hunters.
   SInv:      It lets you see invisible.
   Stlth:     It makes you more stealthy.
Missiles
 l - 3 throwing nets
Armour
 C - a +2 hat (melded)
 E - a +0 cloak (melded)
 I - a +2 pair of gloves (melded)
 L - the +8 orange crystal plate armour (melded) {Archmagi, Int+3 Clar}
   (You bought it in a shop on level 2 of the Dungeon)

   Int:       It affects your intelligence (+3).
   Clar:      It protects you against confusion.
 S - a +0 tower shield (worn)
Jewellery
 d - a ring of resist corrosion (right branch)
 o - a ring of poison resistance (left branch)
 q - an amulet of faith (around neck)
Wands
 a - a wand of digging (8)
 e - a wand of mindburst (8)
 i - a wand of paralysis (23)
 k - a wand of polymorph (4)
 r - a wand of light (17)
 u - a wand of flame (70)
 z - a wand of iceblast (23)
Scrolls
 h - 13 scrolls of identify
 v - 3 scrolls of magic mapping
 w - a scroll of enchant armour
 x - a scroll of butterflies
 F - 4 scrolls of amnesia
 M - 5 scrolls of immolation
 O - 3 scrolls of enchant weapon
 P - a scroll of poison
Potions
 f - a potion of haste
 m - 5 potions of flight
 p - 3 potions of brilliance
 s - 4 potions of ambrosia
 t - 2 potions of curing
 A - a potion of cancellation
 J - a potion of invisibility
 Q - 2 potions of mutation
Miscellaneous
 c - a piece from Xom's chessboard (15/15) (quivered)
 y - a tin of tremorstones (2/2)
 T - a phantom mirror


   Skills:
 - Level 15.0 Fighting
 - Level 10.3(13.0) Axes
 * Level 12.8(14.2) Maces & Flails
 - Level 15.2 Armour
 - Level 12.0 Dodging
 + Level 14.4 Shields
 - Level 11.5 Evocations


You had 15 spell levels left.
You didn't know any spells.
Your spell library contained the following spells:

 Spells                   Type           Power      Damage    Failure   Level
 Magic Dart               Conj           0%         1d3       86%         1
 Summon Small Mammal      Summ           0%         N/A       86%         1
 Blink                    Tloc           0%         N/A       94%         2
 Call Imp                 Summ           0%         N/A       94%         2
 Poisonous Vapours        Pois/Air       0%         N/A       94%         2
 Call Canine Familiar     Summ           0%         N/A       99%         3
 Confusing Touch          Hex            0%         N/A       99%         3
 Gell's Gravitas          Tloc           0%         N/A       99%         3
 Lesser Beckoning         Tloc           0%         N/A       99%         3
 Mephitic Cloud           Conj/Pois/Air  0%         N/A       99%         3
 Summon Guardian Golem    Hex/Summ       0%         N/A       99%         3
 Teleport Other           Tloc           0%         N/A       99%         3
 Corpse Rot               Necr/Pois/Air  0%         N/A       100%        4
 Leda's Liquefaction      Hex/Erth       0%         N/A       100%        4
 Passage of Golubria      Tloc           0%         N/A       100%        4
 Summon Lightning Spire   Summ/Air       0%         N/A       100%        4
 Alistair's Intoxication  Tmut/Pois      0%         N/A       100%        5
 Lee's Rapid Deconstruct  Erth           0%         3d5*      100%        5
 Manifold Assault         Tloc           0%         N/A       100%        5
 Silence                  Hex/Air        0%         N/A       100%        5
 Yara's Violent Unravell  Hex/Tmut       0%         3d3       100%        5
 Conjure Ball Lightning   Conj/Air       0%         3x3d6     100%        6
 Statue Form              Tmut/Erth      0%         N/A       100%        6
 Enfeeble                 Hex            0%         N/A       100%        7
 Storm Form               Tmut/Air       0%         N/A       100%        7
 Discord                  Hex            0%         N/A       100%        8
 Disjunction              Tloc           0%         N/A       100%        8
 Lehudib's Crystal Spear  Conj/Erth      0%         10d2      100%        8
 Maxwell's Capacitive Co  Air            0%         ∞         100%        8


Dungeon Overview and Level Annotations

Branches:
Dungeon (14/15)            Temple (0/1) D:7            Lair (5/5) D:11
  Swamp (0/4) Lair:2       Spider (1/4) Lair:2        Slime (0/5) Lair:4
    Orc (2/2) D:12            Elf (0/3) Orc:2        Vaults (0/5) D:14

Altars:
Cheibriados
Dithmenos
Kikubaaqudgha
Makhleb
Nemelex Xobeh
Ru
Trog
Vehumet
Xom
Jiyva

Shops:
D:2 *   D:6 *==   D:12 !   Orc:1 :   Orc:2 *:[(

Annotations:
D:5 exclusion: downstairs
D:7 exclusion: upstairs
D:8 exclusion: 2 downstairs
D:9 1 runed translucent door, exclusion: 2 downstairs
Lair:2 exclusion: downstairs
Lair:4 1 runed translucent door, exclusion: upstairs
Orc:1 exclusion: downstairs


Innate Abilities, Weirdness & Mutations

You are a tree.
Your roots penetrate the ground, keeping you stationary.
You cannot be teleported.
You are immune to unholy pain and torment.
Your maximum health is greatly increased.
Your equipment is partially melded.
((You have a pair of horns on your head.))
((You reflexively headbutt those who attack you in melee.))
((You have sharp fingernails.))
You are clumsy. (Dex -2)
((Armour fits poorly on your strangely shaped body.))
Your body sometimes deteriorates upon taking damage.
You are somewhat resistant to further mutation.
((You are resistant to electric shocks. (rElec)))
Your muscles are strong. (Str +4, Int/Dex -1)
You occasionally lose the ability to drink potions when taking damage.
You occasionally lose the ability to read scrolls when taking damage.


Message History

The redback bites you but does no damage.
The tarantella touches you!
* * * LOW HITPOINT WARNING * * *
The tarantella touches you but does no damage.
You closely miss the redback. You block the redback's attack.
The tarantella touches you but does no damage.
You block the tarantella's attack.
You thump the tarantella!
The tarantella is heavily wounded.
The redback bites you but does no damage.
You block the tarantella's attack.
The tarantella touches you but does no damage.
You sock the redback!
The redback is heavily wounded.
You block the redback's attack. You block the tarantella's attack.
The tarantella touches you but does no damage.
You sock the tarantella!
The tarantella is severely wounded.
The tarantella touches you.
* * * LOW HITPOINT WARNING * * *
You are confused.
The redback bites you but does no damage.
The tarantella touches you!
* * * LOW HITPOINT WARNING * * *
You cannot move. (Use ctrl+direction or * direction to attack while stationary and confused.)
You cannot move. (Use ctrl+direction or * direction to attack while stationary and confused.)
You cannot move. (Use ctrl+direction or * direction to attack while stationary and confused.) Unknown command.
You bludgeon the tarantella!!
Lightning courses through the tarantella!
You kill the tarantella!
The tarantella's corpse disappears in a puff of smoke!
The redback bites you but does no damage.
The tarantella touches you but does no damage.
You miss the redback.
The redback is moderately wounded.
The redback bites you.
* * * LOW HITPOINT WARNING * * *
The tarantella touches you!
You die...

...# ... #.. ##..
#..s ## #..## ..
#..†## ###..### #
#..#♣## .. ##§†ss#
..#. ##.§## #...#
##..s###....#
#..####..#.#
###..##^....##
##.....#......#
#.............# ..#
#...##.#.....##....
#


You could see an orb spider (summoned), a tarantella (summoned) and a redback
(summoned).

Vanquished Creatures
  An Executioner (Abyss:3)
  A tentacled starspawn (Abyss:3)
  Kirke (D:13)
  An orc warlord (Orc:1)
  A rockslime (D:10)
  A ghost moth (Lair:2)
  Snorg (Lair:5)
  2 fire dragons
  4 boulder beetles
  8 hydras
  A jorogumo (Spider:1)
  2 alligators (Lair:5)
  2 centaur warriors
  A spriggan skeleton (Abyss:3)
  A radroach (Lair:2)
  2 dancing weapons (D:14)
  7 death yaks
  2 orc high priests (Orc:2)
  2 thrashing horrors (Abyss:3)
  Sonja (D:11)
  2 soul eaters (D:13)
  A sun demon (D:13)
  A wretched star (Abyss:3)
  Amaemon (D:9)
  A pharaoh ant (Spider:1)
  2 glowing orange brains (Abyss:3)
  A swamp dragon (Lair:5)
  2 orc knights
  2 deep elf pyromancers (D:11)
  Pikel (D:9)
  2 wolf spiders (Spider:1)
  4 cyclopes
  A will-o-the-wisp (Abyss:3)
  4 manticores
  A moth of wrath (Spider:1)
  8 orc sorcerers
  11 ugly things
  A worldbinder (Abyss:3)
  9 elephants
  6 black mambas
  A rust devil (D:9)
  2 smoke demons (Abyss:3)
  3 gargoyles
  Joseph (D:9)
  2 orange demons (Abyss:3)
  2 torpor snails (Lair:5)
  An efreet (D:13)
  An unseen horror (D:11)
  A demonic crawler (Spider:1)
  12 cane toads
  7 rime drakes
  3 kobold demonologists
  Psyche (D:11)
  11 komodo dragons
  2 hellwings (D:13)
  A freezing wraith (D:14)
  2 ice devils (D:13)
  2 red devils (D:13)
  A tengu conjurer (D:13)
  6 trolls
  A queen bee (D:9)
  A meliai (Lair:2)
  11 polar bears
  A tarantella (Spider:1)
  A hornet (D:9)
  13 blink frogs
  4 raiju (Lair:5)
  A blink frog (shapeshifter) (Lair:2)
  11 dream sheep
  2 slime creatures
  Sigmund (D:6)
  4 jumping spiders (Spider:1)
  2 culicivoras (Spider:1)
  5 flying skulls (Abyss:3)
  2 vampires
  A starcursed mass (Abyss:3)
  3 wraiths
  2 ynoxinuls
  4 wyverns
  3 hogs
  3 large abominations
  A hog (shapeshifter) (Lair:3)
  4 steam dragons
  47 yaks
  3 chaos spawn
  A human (Lair:2)
  7 redbacks (Spider:1)
  8 basilisks
  A neqoxec (Abyss:3)
  Edmund (D:6)
  13 wargs
  A warg (shapeshifter) (Orc:2)
  4 acid dragons
  16 water moccasins
  13 hell hounds (Lair:5)
  Duvessa (D:6)
  5 small abominations
  17 orc warriors
  3 swamp drakes
  6 sky beasts
  14 black bears
  An ice beast (D:6)
  A tengu (shapeshifter) (D:14)
  13 ogres
  6 centaurs
  23 wolves
  3 lemures (D:9)
  2 kobold brigands
  13 bullfrogs
  2 gnoll sergeants (D:7)
  2 two-headed ogre simulacra (Orc:2)
  A cane toad simulacrum (Orc:2)
  An earth elemental (Abyss:3)
  10 wights
  Dowan (D:6)
  2 elephant simulacra (Orc:2)
  25 killer bees
  An electric eel (Lair:1)
  4 howler monkeys
  A crimson imp (D:11)
  A hound (D:3)
  A quasit (Abyss:3)
  A gnoll bouda (D:7)
  3 jellies
  17 orc priests
  2 iron imps
  Terence (D:2)
  10 iguanas
  17 orc wizards
  A polar bear simulacrum (Orc:2)
  A spriggan simulacrum (Orc:2)
  Robin (D:2)
  14 gnolls
  9 adders
  A naga simulacrum (Orc:2)
  A shadow imp (D:11)
  2 white imps
  3 worms
  4 dart slugs
  50 orcs
  5 ball pythons
  4 bats
  4 endoplasms
  7 giant cockroaches
  18 goblins
  8 hobgoblins
  14 kobolds
  2 quokkas
  5 frilled lizards
  9 rats
735 creatures vanquished.

Vanquished Creatures (collateral kills)
  A hydra (Lair:5)
  A two-headed ogre (D:10)
  A rust devil (D:13)
  A blink frog (Lair:2)
  A neqoxec (Abyss:3)
  An acid dragon (D:11)
  A centaur (D:11)
  6 killer bees (D:9)
  2 worms (D:2)
  An orc (Orc:1)
16 creatures vanquished.

Vanquished Creatures (others)
  A dancing weapon (D:10)
  Lodul (D:11)
  A tarantella (Spider:1)
  A human (D:14)
  A rat (D:1)
  17 demonic plants (D:13)
  75 fungi
  A lurking horror (Abyss:3)
  111 plants
  4 starspawn tentacles (Abyss:3)
213 creatures vanquished.

Grand Total: 964 creatures vanquished

Notes
Turn   | Place    | Note
-------+----------+-------------------------------------------
     0 | D:1      | tardwrangler69 the Minotaur Chaos Knight began the quest
                  | for the Orb.
     0 | D:1      | Reached XP level 1. HP: 19/19 MP: 0/0
   183 | D:1      | Reached XP level 2. HP: 27/27 MP: 1/1
   413 | D:1      | XOM: cloud trail
   561 | D:1      | XOM: scenery: summon butterflies
   645 | D:1      | XOM: god gift: hand axe {god gift}
   903 | D:2      | Found Oqof's General Store.
   903 | D:2      | XOM: butterfly on damage
  1043 | D:2      | Bought a scroll of teleportation for 30 gold pieces
  1056 | D:2      | Reached XP level 3. HP: 30/33 MP: 2/2
  1140 | D:2      | Reached skill level 5 in Axes
  1218 | D:2      | Noticed Robin
  1230 | D:2      | Killed Robin
  1231 | D:2      | Reached XP level 4. HP: 25/41 MP: 3/3
  1344 | D:2      | XOM: silly message
  1518 | D:2      | Found a faded altar of an unknown god.
  1519 | D:2      | Noticed Terence
  1527 | D:2      | XOM: smoke on damage
  1531 | D:2      | Killed Terence
  1748 | D:2      | You fall into a shaft and drop 2 floors!
  1987 | D:2      | XOM: silly message
  2009 | D:2      | XOM: silly message
  2229 | D:2      | XOM: scenery: create altars
  2257 | D:2      | XOM: enchant monster (good)
  2309 | D:2      | Reached XP level 5. HP: 40/47 MP: 4/4
  2363 | D:2      | XOM: god gift: Xom's Handbook of Tumult {god gift}
  2364 | D:2      | Got Xom's Handbook of Tumult {god gift}
  2433 | D:3      | Reached skill level 5 in Fighting
  2464 | D:3      | Found a sacrificial altar of Ru.
  2475 | D:3      | XOM: god gift: staff of cold
  2528 | D:3      | Found a shadowy altar of Dithmenos.
  3079 | D:4      | XOM: divination: detect creatures
  3163 | D:4      | XOM: god gift: long sword {god gift}
  3260 | D:4      | Noticed an ogre
  3260 | D:4      | XOM: 1-stop teleportation journey
  3268 | D:4      | XOM: summons 2 hostile shadow creatures
  3509 | D:5      | Entered Level 5 of the Dungeon
  3576 | D:5      | Reached XP level 6. HP: 41/56 MP: 5/5
  4188 | D:5      | XOM: silly message
  4276 | D:5      | XOM: torment (30/57 hp)
  4410 | D:5      | XOM is BORED!
  4513 | D:5      | XOM: enchant monster (good)
  4538 | D:5      | XOM: 5-stop teleportation journey
  4585 | D:5      | XOM: fake destruction
  4959 | D:5      | Reached XP level 7. HP: 8/64 MP: 6/6
  4978 | D:5      | XOM: scenery: create altars
  5392 | D:6      | Noticed Dowan
  5393 | D:6      | Noticed Duvessa
  5437 | D:6      | XOM: god gift: scroll of teleportation
  5723 | D:4      | XOM: confuse monster(s)
  6034 | D:4      | XOM: silly message
  6088 | D:4      | XOM: scenery: 1 doors close
  6127 | D:4      | XOM: god gift: 36 gold pieces
  6231 | D:4      | XOM: enchant monster (good)
  6679 | D:6      | XOM: divination: detect items
  7079 | D:5      | XOM: cloud trail
  7189 | D:6      | XOM: potion effect (brilliance)
  7199 | D:6      | XOM: summons 3 friendly demons
  7202 | D:6      | Reached XP level 8. HP: 45/67 MP: 7/7
  7217 | D:6      | XOM: noise
  7313 | D:6      | Reached skill level 10 in Axes
  7337 | D:6      | XOM: confuse monster(s)
  7421 | D:6      | XOM: scenery: summon butterflies
  7440 | D:6      | XOM: polymorph butterfly -> rat
  7686 | D:6      | Found Gumilid's Assorted Antiques.
  7734 | D:6      | XOM: 1-stop teleportation journey
  7816 | D:6      | Identified the +1 robe of the Vacuum {Rampage rElec}
  7838 | D:6      | XOM: fake destruction
  7937 | D:6      | XOM: divination: magic mapping
  7999 | D:6      | Found Rosan's Jewellery Shoppe.
  8010 | D:6      | Noticed Edmund
  8012 | D:6      | XOM: stat loss: -1 Str (18/19)
  8294 | D:6      | XOM: god gift: tin of tremorstones (2/2)
  8372 | D:6      | Found Upeoss's Jewellery Emporium.
  8665 | D:6      | Found Jogoedd Baum's Weapon Shop.
  8748 | D:6      | Noticed Sigmund
  8759 | D:6      | Killed Sigmund
  8762 | D:6      | XOM: cloud trail
  8865 | D:6      | XOM: 4-stop teleportation journey
  9023 | D:6      | XOM: chaos upgrade
  9028 | D:6      | Killed Duvessa
  9029 | D:6      | Reached skill level 5 in Armour
  9040 | D:6      | XOM: swap monsters
  9043 | D:6      | Killed Dowan
  9306 | D:7      | Found a staircase to the Ecumenical Temple.
  9315 | D:7      | XOM: 2-stop teleportation journey
  9378 | D:7      | Reached XP level 9. HP: 59/80 MP: 8/8
  9384 | D:7      | Reached skill level 5 in Dodging
  9737 | D:7      | Found a radiant altar of Vehumet.
  9826 | D:7      | XOM: cloud trail
  9842 | D:7      | XOM is BORED!
  9842 | D:7      | XOM: noise
 10102 | D:7      | XOM: god gift: 14 gold pieces
 10184 | D:7      | XOM: scenery: create altars
 10517 | D:7      | XOM: chaos cloud
 10965 | D:8      | XOM: blink monster(s)
 11015 | D:8      | XOM: summons 1 hostile shadow creature
 11073 | D:8      | XOM: draining
 11160 | D:8      | Identified the +10 whip of Jihi {freeze, Fragile Int+5 SInv
                  | Stlth+}
 11679 | D:8      | Found a bloodstained altar of Trog.
 11694 | D:8      | XOM: summons 5 hostile demons
 11793 | D:8      | Found a sparkling altar of Nemelex Xobeh.
 11923 | D:8      | XOM: give mutations
 11923 | D:8      | Gained mutation: Your body sometimes deteriorates upon
                  | taking damage. [Xom's mischief]
 11923 | D:8      | Gained mutation: You are clumsy. (Dex -2) [Xom's mischief]
 11923 | D:8      | Gained mutation: You occasionally lose the ability to drink
                  | potions when taking damage. [Xom's mischief]
 11923 | D:8      | Lost mutation: Your body sometimes deteriorates upon taking
                  | damage. [Xom's mischief]
 11932 | D:8      | XOM: give mutations
 11932 | D:8      | Gained mutation: You sometimes lose the ability to drink
                  | potions when taking damage. [Xom's mischief]
 11932 | D:8      | Lost mutation: You are clumsy. (Dex -2) [Xom's mischief]
 11969 | D:9      | XOM: blink monster(s)
 11971 | D:9      | Noticed a queen bee
 11980 | D:9      | Killed a queen bee
 12008 | D:9      | Noticed Amaemon
 12008 | D:9      | Noticed an orange demon
 12008 | D:9      | XOM: 3-stop teleportation journey
 12010 | D:9      | Lost mutation: You sometimes lose the ability to drink
                  | potions when taking damage. [potion of mutation]
 12010 | D:9      | Lost mutation: You occasionally lose the ability to drink
                  | potions when taking damage. [potion of mutation]
 12010 | D:9      | Gained mutation: Your muscles are strong. (Str +4, Int/Dex
                  | -1) [potion of mutation]
 12010 | D:9      | Gained mutation: You are frail. (-10% HP) [potion of
                  | mutation]
 12087 | D:9      | XOM: give mutations
 12087 | D:9      | Lost mutation: Your muscles are strong. (Str +4, Int/Dex
                  | -1) [Xom's mischief]
 12087 | D:9      | Gained mutation: You are clumsy. (Dex -2) [Xom's mischief]
 12133 | D:9      | Noticed Joseph
 12133 | D:9      | XOM: 2-stop teleportation journey
 12142 | D:9      | XOM: confusion
 12149 | D:9      | Killed Joseph
 12150 | D:9      | Reached XP level 10. HP: 80/81 MP: 9/9
 12281 | D:9      | XOM: torment (42/81 hp)
 12452 | D:9      | Found a runed translucent door.
 12452 | D:9      | Found a burning altar of Makhleb.
 12452 | D:9      | Noticed a sixfirhy
 12456 | D:9      | XOM: god gift: wand of light (3)
 12481 | D:9      | XOM: summons 10 friendly demons
 12575 | D:9      | XOM: summons friendly crimson imp
 12580 | D:9      | XOM: cast spell 'Dispersal'
 12583 | D:9      | XOM: scenery: create altars
 12592 | D:8      | Reached skill level 10 in Fighting
 12702 | D:9      | XOM: cleaving
 12750 | D:9      | Paralysed by a hornet for 1 turns
 12776 | D:9      | Noticed Pikel
 12777 | D:9      | XOM: scenery: summon butterflies
 12974 | D:8      | XOM: divination: magic mapping
 13015 | D:10     | Entered Level 10 of the Dungeon
 13026 | D:10     | Noticed Gastronok
 13130 | D:10     | Noticed Gastronok
 13130 | D:10     | Gastronok changed into Gastronok the rockslime
 13130 | D:10     | XOM: polymorph Gastronok -> Gastronok the rockslime
 13132 | D:10     | XOM: 3-stop teleportation journey
 13144 | D:10     | Found an ancient bone altar of Kikubaaqudgha.
 13191 | D:10     | HP: 1/84 [centaur/arrow (7)]
 13311 | D:9      | XOM: scenery: summon butterflies
 13313 | D:9      | XOM: cast spell 'Alistair's Intoxication'
 13318 | D:9      | Reached skill level 1 in Maces & Flails
 13451 | D:9      | XOM: summons friendly crimson imp
 13465 | D:9      | Reached skill level 1 in Evocations
 13702 | D:9      | XOM: silly message
 13759 | D:9      | XOM: divination: detect creatures
 13771 | D:9      | XOM: 11-stop teleportation journey
 14297 | D:9      | XOM: give mutation
 14297 | D:9      | Gained mutation: You are dopey. (Int -2) [Xom's mischief]
 14316 | D:9      | XOM: 4-stop teleportation journey
 14321 | D:9      | Noticed a rust devil
 14321 | D:9      | an orange demon changed into a rust devil
 14321 | D:9      | XOM: polymorph orange demon -> rust devil
 14399 | D:10     | XOM: potion effect (curing)
 14402 | D:10     | XOM: enchant monster (good)
 14403 | D:10     | XOM: swap monsters
 14406 | D:10     | XOM: noise
 14410 | D:10     | XOM: summons friendly crimson imp
 14416 | D:10     | XOM: cast spell 'Summon Ice Beast'
 14675 | D:9      | Killed Pikel
 14945 | D:10     | Reached skill level 5 in Maces & Flails
 14958 | D:10     | XOM: smoke on damage
 15139 | D:10     | XOM: noise
 15242 | D:10     | XOM: scenery: create altars
 15304 | D:10     | XOM: 1-stop teleportation journey
 15369 | D:10     | XOM: noise
 15551 | D:10     | XOM: butterfly on damage
 15555 | D:10     | Reached XP level 11. HP: 28/93 MP: 10/10
 15621 | D:10     | XOM: 2-stop teleportation journey
 15625 | D:10     | XOM: 5-stop teleportation journey
 15634 | D:10     | XOM: summons 4 hostile demons
 15635 | D:10     | Noticed a sun demon
 15637 | D:10     | HP: 2/93 [white imp/puff of frost[Xom] (9)]
 15798 | D:10     | XOM: scenery: summon butterflies
 16061 | D:11     | Noticed Psyche
 16065 | D:11     | XOM: god gift: wand of iceblast (5)
 16066 | D:11     | Killed Psyche
 16110 | D:11     | Noticed a two-headed ogre
 16110 | D:11     | XOM: polymorph scorpion -> centaur
 16113 | D:11     | XOM: summons friendly iron imp
 16166 | D:11     | XOM: destruction
 16171 | D:11     | XOM: confuse monster(s)
 16221 | D:11     | Noticed Lodul
 16225 | D:11     | XOM: enchant monster (good)
 16236 | D:11     | Your ally Lodul died
 16270 | D:10     | XOM: god gift: wand of paralysis (3)
 16271 | D:10     | XOM: summons 5 friendly demons
 16429 | D:10     | XOM: 1-stop teleportation journey
 16548 | D:10     | XOM: scenery: create altars
 16589 | D:10     | Identified the +4 robe of Indemnity {rC- Regen+ rCorr
                  | Dex-3}
 16627 | D:10     | XOM: fog
 16857 | D:9      | XOM: polymorph killer bee -> iguana
 16943 | D:9      | XOM: cloud trail
 16992 | D:9      | XOM: potion effect (haste)
 17001 | D:9      | Killed Amaemon
 17543 | D:11     | XOM: scenery: 1 doors open, 1 doors close
 17548 | D:10     | Killed a two-headed ogre
 17687 | D:10     | XOM: god gift: book of the Earth
 17690 | D:10     | XOM: cleaving
 17699 | D:10     | Killed Gastronok the rockslime
 17975 | D:10     | XOM: cloud trail
 18375 | D:11     | XOM: god gift: scroll labelled XOMYIPOY KEOGH {god gift}
 18561 | D:11     | XOM: confuse monster(s)
 18576 | D:11     | Found a staircase to the Lair.
 18605 | D:11     | Noticed a white ugly thing
 18605 | D:11     | XOM: polymorph white ugly thing -> green ugly thing
 18616 | D:11     | Killed a green ugly thing
 18618 | D:11     | XOM: 4-stop teleportation journey
 18747 | D:11     | XOM: noise
 18839 | D:11     | Noticed a boulder beetle
 18839 | D:11     | Noticed a cyan ugly thing
 18839 | D:11     | XOM: 3-stop teleportation journey
 18843 | D:11     | XOM: enchant monster (bad)
 18844 | D:11     | XOM: enchant monster (good)
 18850 | D:11     | XOM: 10-stop teleportation journey
 18868 | D:11     | XOM: cleaving
 18967 | D:11     | Reached skill level 10 in Maces & Flails
 18985 | D:11     | Identified the +5 sling of Cuoner {venom, rF++ Str-2 Dex+3}
 18993 | D:11     | XOM: silly message
 19166 | D:11     | Noticed a deep elf pyromancer
 19172 | D:11     | Killed a deep elf pyromancer
 19230 | D:11     | Noticed a deep elf pyromancer
 19240 | D:11     | Killed a deep elf pyromancer
 19241 | D:11     | Reached XP level 12. HP: 103/106 MP: 11/11
 19312 | D:11     | XOM: 6-stop teleportation journey
 19349 | D:11     | XOM: cloud trail
 19672 | D:11     | Noticed Sonja
 19683 | D:11     | Killed Sonja
 20047 | D:11     | XOM: potion effect (experience)
 20047 | D:11     | Reached XP level 13. HP: 112/112 MP: 12/12
 20130 | D:11     | XOM: god gift: book of Misfortune
 20189 | Lair:1   | Entered Level 1 of the Lair of Beasts
 20388 | Lair:1   | XOM: divination: detect creatures
 20476 | Lair:1   | XOM: potion effect (curing)
 20572 | Lair:1   | Reached skill level 15 in Fighting
 20701 | Lair:1   | XOM: divination: detect creatures
 20780 | Lair:1   | XOM: noise
 21014 | Lair:1   | XOM: fog
 21028 | Lair:1   | XOM: divination: detect items
 21068 | Lair:1   | XOM: divination: magic mapping
 21223 | Lair:2   | Found a staircase to the Swamp.
 21468 | Lair:2   | Found a hole to the Spider Nest.
 21576 | Lair:2   | XOM: god gift: wand of mindburst (8)
 21717 | Lair:2   | XOM: polymorph komodo dragon -> shapeshifter
 21805 | Lair:2   | XOM: summons 2 friendly demons
 21867 | Lair:2   | XOM: 1-stop teleportation journey
 21874 | Lair:2   | Reached skill level 10 in Dodging
 21875 | Lair:2   | XOM: smoke on damage
 21892 | Lair:2   | XOM: polymorph blink frog -> human
 21894 | Lair:2   | XOM: summons 2 friendly demons
 21913 | Lair:2   | Reached skill level 15 in Armour
 21999 | Lair:2   | XOM: 6-stop teleportation journey
 22626 | Lair:2   | XOM: cast spell 'Dispersal'
 22827 | Lair:3   | XOM: cloud trail
 22850 | Lair:3   | XOM: summons 2 hostile demons
 23020 | Lair:3   | Noticed a ghost moth
 23020 | Lair:3   | a death yak changed into a ghost moth
 23020 | Lair:3   | XOM: polymorph death yak -> ghost moth
 23043 | Lair:2   | XOM: summons 13 friendly demons
 23046 | Lair:2   | Killed a ghost moth
 23262 | Lair:3   | XOM: enchant monster (good)
 23264 | Lair:3   | XOM: confusion (+ monsters)
 23360 | Lair:3   | XOM: 1-stop teleportation journey
 23682 | Lair:3   | XOM is BORED!
 23682 | Lair:3   | XOM: silly message
 23763 | Lair:3   | XOM: silly message
 23797 | Lair:3   | XOM: potion effect (invisibility)
 23830 | Lair:3   | XOM: potion effect (heal wounds)
 23834 | Lair:3   | XOM: silly message
 23845 | Lair:3   | XOM: potion effect (might)
 24222 | Lair:3   | XOM: scenery: 1 doors open
 24268 | Lair:3   | XOM: cloud trail
 24556 | Lair:4   | XOM: potion effect (might)
 24569 | Lair:4   | XOM: potion effect (invisibility)
 24644 | Lair:4   | XOM: silly message
 24823 | Lair:4   | Reached XP level 14. HP: 121/121 MP: 13/13
 24830 | Lair:4   | XOM: 2-stop teleportation journey
 24932 | Lair:4   | XOM: swap monsters
 24937 | Lair:4   | XOM: give mutations
 24937 | Lair:4   | Gained mutation: You occasionally shout uncontrollably at
                  | your foes. [Xom's mischief]
 24937 | Lair:4   | Gained mutation: Your body sometimes deteriorates upon
                  | taking damage. [Xom's mischief]
 24948 | Lair:4   | XOM: summons friendly quasit
 25010 | Lair:3   | XOM: cleaving
 25018 | Lair:3   | XOM: enchant monster (bad)
 25264 | D:6      | Killed Edmund
 25320 | D:4      | XOM is BORED!
 25320 | D:4      | XOM: noise
 25386 | D:2      | Bought the +8 orange crystal plate armour {Archmagi, Int+3
                  | Clar} for 1445 gold pieces
 25386 | D:2      | Found the +8 orange crystal plate armour {Archmagi, Int+3
                  | Clar}
 25865 | Lair:3   | XOM: confuse monster(s)
 25879 | Lair:3   | XOM: silly message
 25881 | Lair:3   | XOM: divination: detect creatures
 25885 | Lair:3   | XOM: enchant monster (bad)
 25888 | Lair:3   | XOM: noise
 25892 | Lair:3   | XOM: silly message
 25899 | Lair:3   | XOM: silly message
 25917 | Lair:3   | XOM: polymorph six-headed hydra -> shapeshifter
 26110 | Lair:3   | XOM is BORED!
 26214 | Lair:4   | XOM: chaos cloud
 26391 | Lair:4   | Found a runed translucent door.
 26391 | Lair:4   | Found a viscous altar of Jiyva.
 26395 | Lair:4   | Noticed an acid blob
 26554 | Lair:4   | XOM: destruction
 26708 | Lair:4   | Found a staircase to the Slime Pits.
 26826 | Lair:4   | XOM: god gift: pair of boots {god gift}
 26873 | Lair:4   | Lost mutation: You occasionally shout uncontrollably at
                  | your foes. [potion of mutation]
 26873 | Lair:4   | Lost mutation: You are clumsy. (Dex -2) [potion of
                  | mutation]
 26873 | Lair:4   | Lost mutation: Your body sometimes deteriorates upon taking
                  | damage. [potion of mutation]
 26891 | Lair:5   | Entered Level 5 of the Lair of Beasts
 26892 | Lair:5   | XOM: 3-stop teleportation journey
 26910 | Lair:5   | XOM: polymorph cane toad -> rime drake
 26911 | Lair:5   | XOM: summons 2 friendly demons
 26949 | Lair:5   | XOM: divination: detect creatures
 26965 | Lair:5   | XOM: divination: detect creatures
 26967 | Lair:5   | Reached skill level 5 in Evocations
 27054 | Lair:5   | XOM: summons 5 friendly demons
 27055 | Lair:5   | XOM: summons friendly shadow imp
 27059 | Lair:5   | XOM: blink monster(s)
 27081 | Lair:5   | XOM: enchant monster (good)
 27169 | Lair:5   | XOM: god gift: 43 gold pieces
 27181 | Lair:5   | XOM: silly message
 27184 | Lair:5   | XOM: divination: magic mapping
 27202 | Lair:5   | Noticed Snorg
 27205 | Lair:5   | XOM: confuse monster(s)
 27218 | Lair:5   | Killed Snorg
 27243 | Lair:5   | XOM: blink monster(s)
 27516 | Lair:5   | XOM: enchant monster (good)
 27762 | Lair:5   | XOM: fake destruction
 27773 | Lair:5   | XOM: summons friendly white imp
 27786 | Lair:5   | XOM: 4-stop teleportation journey
 27793 | Lair:4   | XOM: swap monsters
 27997 | Lair:5   | XOM: 2-stop teleportation journey
 28010 | Lair:5   | XOM: blink monster(s)
 28125 | Lair:5   | XOM: stat loss: -1 Dex (9/10)
 28132 | Lair:5   | XOM: 2-stop teleportation journey
 28142 | Lair:5   | XOM: fog
 28541 | Lair:5   | XOM: summons 1 hostile demon
 28591 | Lair:5   | XOM: swap monsters
 28739 | Lair:5   | XOM: 1-stop teleportation journey
 28852 | Lair:5   | XOM: cleaving
 28877 | Lair:5   | XOM: cast spell 'Metabolic Englaciation'
 28950 | Lair:5   | XOM: polymorph polar bear -> komodo dragon
 29051 | Lair:5   | Reached skill level 10 in Evocations
 29143 | Lair:5   | Reached XP level 15. HP: 115/126 MP: 14/14
 29164 | Lair:5   | XOM: potion effect (heal wounds)
 29240 | Lair:5   | XOM: enchant monster (bad)
 29249 | Lair:5   | XOM: potion effect (curing)
 29278 | Lair:5   | XOM: summons friendly crimson imp
 29386 | Lair:5   | Identified the +0 ring mail of Inviolability {rPois rC+++
                  | Will- rCorr}
 29575 | Lair:5   | Identified the +11 halberd "Petevvus" {flame, SInv Stlth+}
 29687 | Lair:5   | XOM: scenery: summon butterflies
 30059 | D:11     | XOM: summons 8 hostile demons
 30122 | D:12     | Identified a scroll of acquirement
 30122 | D:12     | Acquired 587 gold pieces
 30123 | D:12     | XOM: give mutations
 30123 | D:12     | Lost mutation: You are dopey. (Int -2) [Xom's mischief]
 30123 | D:12     | Gained mutation: You possess an exceptional clarity of
                  | mind. [Xom's mischief]
 30123 | D:12     | Gained mutation: Your spells are a little harder to cast,
                  | but a little more powerful. [Xom's mischief]
 30299 | D:12     | Found Sial's Distillery.
 30460 | D:12     | XOM: noise
 30943 | D:12     | Found a staircase to the Orcish Mines.
 30965 | D:12     | XOM: confuse monster(s)
 30987 | D:12     | XOM: god gift: shortbow {god gift}
 31207 | D:13     | Reached skill level 1 in Shields
 31232 | D:13     | XOM: enchant monster (bad)
 31245 | D:13     | HP: 3/126 [eight-headed hydra (13)]
 31475 | D:12     | XOM: summons 1 hostile shadow creature
 31753 | D:12     | XOM: give mutations
 31753 | D:12     | Gained mutation: You expend magic power (3 MP) to
                  | strengthen your wands. [Xom's mischief]
 31753 | D:12     | Lost mutation: You expend magic power (3 MP) to strengthen
                  | your wands. [Xom's mischief]
 31776 | D:13     | XOM: destruction
 32018 | D:13     | XOM: silly message
 32206 | Orc:1    | Entered Level 1 of the Orcish Mines
 32229 | Orc:1    | XOM: noise
 32242 | Orc:1    | XOM: enchant monster (good)
 32427 | Orc:1    | XOM: 2-stop teleportation journey
 32444 | Orc:1    | XOM: 3-stop teleportation journey
 32460 | Orc:1    | Found Realoak's Vocational Training.
 32656 | Orc:2    | Entered Level 2 of the Orcish Mines
 32662 | Orc:2    | XOM: scenery: summon butterflies
 32757 | Orc:2    | Noticed an orc warlord
 32760 | Orc:2    | Reached skill level 5 in Shields
 32771 | Orc:1    | XOM: polymorph warg -> sky beast
 33001 | Orc:2    | Found a staircase to the Elven Halls.
 33057 | Orc:2    | XOM: torment (58/121 hp)
 33282 | Orc:1    | XOM: summons 15 friendly demons
 33283 | Orc:1    | XOM: chaos cloud
 33290 | Orc:1    | Killed an orc warlord
 33408 | Orc:2    | Found Xaid Zef's Book Shop.
 33410 | Orc:2    | XOM: stat loss: -1 Str (23/24)
 33458 | Orc:2    | XOM: draining
 33464 | Orc:2    | Found Rousobom's Antique Armour Emporium.
 33464 | Orc:2    | XOM: swap monsters
 33487 | Orc:2    | XOM: polymorph orc knight -> shapeshifter
 33503 | Orc:2    | XOM: god gift: wand of paralysis (6)
 33547 | Orc:2    | XOM: confuse monster(s)
 33609 | Orc:2    | Found Pinunuar's Antique Weapon Emporium.
 33721 | Orc:2    | XOM: give mutations
 33721 | Orc:2    | Gained mutation: You are resistant to electric shocks.
                  | (rElec) [Xom's grace]
 33721 | Orc:2    | Gained mutation: You have sharp fingernails. [Xom's grace]
 33721 | Orc:2    | Lost mutation: You are frail. (-10% HP) [Xom's grace]
 33798 | Orc:2    | XOM: 2-stop teleportation journey
 34055 | Orc:2    | Found Zuuf's General Store.
 34058 | Orc:2    | XOM: summons 2 hostile demons
 34076 | Orc:2    | XOM: polymorph quasit -> lemure
 34282 | Orc:2    | XOM: silly message
 34606 | D:13     | XOM: summons friendly iron imp
 34616 | D:13     | XOM: smoke on damage
 34771 | D:13     | XOM: silly message
 34771 | D:13     | Gained mutation: You have large cloven feet. [a neqoxec]
 34775 | D:13     | XOM: polymorph neqoxec -> efreet
 35323 | D:13     | XOM: cast spell 'Death Channel'
 35329 | D:13     | XOM: summons 9 friendly demons
 35429 | D:13     | XOM: noise
 35493 | D:13     | XOM: give mutations
 35493 | D:13     | Lost mutation: You possess an exceptional clarity of mind.
                  | [Xom's mischief]
 35493 | D:13     | Gained mutation: You are frail. (-10% HP) [Xom's mischief]
 35493 | D:13     | Gained mutation: You are dopey. (Int -2) [Xom's mischief]
 35493 | D:13     | Gained mutation: Your body sometimes deteriorates upon
                  | taking damage. [Xom's mischief]
 35661 | D:13     | XOM: blink monster(s)
 35688 | D:13     | XOM: destruction
 35721 | D:13     | XOM: summons 5 friendly demons
 35722 | D:13     | Reached skill level 10 in Shields
 36014 | D:13     | XOM: 7-stop teleportation journey
 36091 | D:13     | XOM: summons 4 hostile demons
 36307 | D:13     | XOM is BORED!
 36307 | D:13     | XOM: give mutations
 36307 | D:13     | Lost mutation: You have large cloven feet. [Xom's mischief]
 36307 | D:13     | Gained mutation: You occasionally lose the ability to drink
                  | potions when taking damage. [Xom's mischief]
 36307 | D:13     | Lost mutation: Your spells are a little harder to cast, but
                  | a little more powerful. [Xom's mischief]
 36423 | D:14     | XOM: blink monster(s)
 36427 | D:14     | XOM: polymorph cyan ugly thing -> red ugly thing
 36428 | D:14     | XOM: divination: magic mapping
 36455 | D:14     | XOM: noise
 36455 | D:14     | XOM: smoke on damage
 36459 | D:14     | XOM: potion effect (berserk rage)
 36461 | D:14     | XOM: divination: magic mapping
 36607 | D:14     | XOM: 2-stop teleportation journey
 36638 | D:14     | XOM: enchant monster (bad)
 36672 | D:14     | XOM: silly message
 36683 | D:14     | Noticed Kirke
 36770 | D:13     | Killed Kirke
 37032 | D:14     | Found a gate to the Vaults.
 37059 | D:14     | XOM: potion effect (invisibility)
 37060 | D:14     | XOM: confuse monster(s)
 37063 | D:14     | XOM: enchant monster (good)
 37455 | D:14     | XOM: 7-stop teleportation journey
 37457 | D:14     | XOM is BORED!
 37457 | Abyss:3  | Cast into level 3 of the Abyss (Xom)
 37534 | Abyss:3  | Reached XP level 16. HP: 78/134 MP: 15/15
 37552 | Abyss:3  | XOM: cast spell 'Chain of Chaos'
 37565 | Abyss:3  | XOM: blink monster(s)
 37701 | Abyss:3  | XOM: divination: magic mapping
 37895 | Abyss:3  | XOM: confuse monster(s)
 37945 | Abyss:3  | Noticed a tentacled starspawn
 37960 | Abyss:3  | Killed a tentacled starspawn
 37971 | Abyss:3  | XOM: cast spell 'Summon Hydra'
 38011 | Abyss:3  | XOM: divination: magic mapping
 38125 | Abyss:3  | XOM: cleaving
 38136 | Abyss:3  | XOM: summons friendly shadow imp
 38139 | Abyss:3  | Noticed an Executioner
 38153 | Abyss:3  | XOM: cleaving
 38154 | Abyss:3  | Killed an Executioner
 38156 | D:14     | Escaped the Abyss
 38171 | D:14     | XOM: god gift: 42 gold pieces
 38342 | D:14     | XOM: god gift: halberd {god gift}
 38418 | D:14     | XOM: god gift: 25 gold pieces
 38603 | D:14     | XOM: fog
 38939 | D:14     | Found a snail-covered altar of Cheibriados.
 39057 | Lair:1   | XOM: divination: detect items
 39290 | D:2      | Bought the +5 morningstar of Peace {elec, Drain rC+ Will+++
                  | SInv Stlth-} for 742 gold pieces
 39332 | D:3      | XOM: give mutations
 39332 | D:3      | Gained mutation: Your muscles are strong. (Str +4, Int/Dex
                  | -1) [Xom's grace]
 39332 | D:3      | Gained mutation: You have a pair of large horns on your
                  | head. [Xom's grace]
 39332 | D:3      | Lost mutation: You are dopey. (Int -2) [Xom's grace]
 39332 | D:3      | Gained mutation: You are strong-willed. (Will+) [Xom's
                  | grace]
 39444 | D:7      | XOM: give mutations
 39444 | D:7      | Gained mutation: You are somewhat resistant to further
                  | mutation. [Xom's grace]
 39444 | D:7      | Gained mutation: Your flesh is cold resistant. (rC+) [Xom's
                  | grace]
 39444 | D:7      | Gained mutation: You have sharp toenails. [Xom's grace]
 39525 | D:9      | XOM: 5-stop teleportation journey
 39619 | D:12     | XOM: give mutations
 39619 | D:12     | Gained mutation: You occasionally lose the ability to read
                  | scrolls when taking damage. [Xom's mischief]
 39619 | D:12     | Lost mutation: You are frail. (-10% HP) [Xom's mischief]
 39619 | D:12     | Gained mutation: Armour fits poorly on your strangely
                  | shaped body. [Xom's mischief]
 39619 | D:12     | Lost mutation: Your flesh is cold resistant. (rC+) [Xom's
                  | mischief]
 39672 | Orc:2    | XOM: polymorph orc warrior -> worm
 39675 | Orc:2    | XOM: god gift: potion of ambrosia
 39686 | Orc:2    | Bought a jewelled battleaxe for 368 gold pieces
 39686 | Orc:2    | Identified the +8 battleaxe of Liaqosau {vorpal, rC++} (You
                  | bought it in a shop on level 2 of the Orcish Mines)
 39895 | Spider:1 | Entered Level 1 of the Spider Nest
 39901 | Spider:1 | XOM: polymorph jumping spider -> spriggan
 39904 | Spider:1 | XOM: polymorph spriggan -> polar bear
 39908 | Spider:1 | XOM: destruction
 39912 | Lair:2   | XOM: scenery: create altars
 39961 | Lair:2   | XOM: god gift: 12 gold pieces
 39992 | Lair:2   | XOM: scenery: summon butterflies
 40100 | Lair:2   | XOM: scenery: create altars
 40199 | Spider:1 | XOM: god gift: +1 flail of chaos
 40584 | Lair:2   | XOM: give mutations
 40584 | Lair:2   | Lost mutation: You have a pair of large horns on your head.
                  | [Xom's mischief]
 40584 | Lair:2   | Lost mutation: You have sharp toenails. [Xom's mischief]
 40584 | Lair:2   | Lost mutation: You are strong-willed. (Will+) [Xom's
                  | mischief]
 40584 | Lair:2   | Gained mutation: You are clumsy. (Dex -2) [Xom's mischief]
 40657 | Spider:1 | XOM: cloud trail
 40727 | Spider:1 | XOM: swap monsters
 40784 | Spider:1 | XOM: summons 4 hostile shadow creatures
 40796 | Spider:1 | HP: 4/149 [demonic crawler[Xom] (7)]
 40818 | Spider:1 | HP: 11/334 [tarantella[Xom] (7)]
 40820 | Spider:1 | Slain by a tarantella

Illustrated notes

Levels and vault maps discovered:
D:1:      lightli_arrival_flooded_house, layout_loops_ring,
          amcnicky_mini_pool_small
D:2:      kennysheep_big_flooded_room, layout_loops_ring, serial_shops,
          nicolae_shop_stone, ebering_ecumenical_altar_mist, uniq_robin,
          uniq_terence
D:3:      minmay_octagon_keep, layout_loops_ring, nicolae_ru_awakened_eye,
          nicolae_dithmenos_shadow_blocks, kennysheep_generic_room_14
D:4:      layout_basic
D:5:      layout_cave_pods
D:6:      layout_loops_corners, serial_shops, nicolae_take_the_stairs, shop,
          shop, nicolae_shop_overgrown_old_shop, kennysheep_generic_room_11,
          uniq_edmund, uniq_duvessa, uniq_sigmund
D:7:      layout_basic, mainiacjoe_overflow_alcove_2,
          minmay_temple_entry_slanted
D:8:      layout_basic, trog_three_pillars_becter, marbit_many_paths
D:9:      layout_layer_cave, nzn_makhleb_speed_demon, minivault_7, uniq_joseph,
          uniq_pikel, uniq_amaemon
D:10:     layout_cave_pods, lemuel_round_altar, uniq_gastronok
D:11:     layout_roguey, due_lair_maze_entry_diamond, hangedman_minor_magic,
          uniq_lodul, uniq_psyche, uniq_sonja
D:12:     layout_gridville, minmay_orc_entry_temple_small, serial_shops,
          shop_statue, reono_crystal_passage, chequers_serial_rivers_micro_c,
          minmay_puff
D:13:     minmay_skewed_foursquare, layout_rooms, serial_demonic,
          serial_demonic_e, serial_demonic_d, serial_demonic_g,
          serial_demonic_d, serial_demonic_b, serial_demonic_b,
          serial_demonic_g, serial_demonic_c
D:14:     layout_basic, erik_vaults_1, hangedman_decor_push, chei_slow_surprise,
          uniq_kirke
Lair:1:   layout_misc_corridors, grunt_megastairs_1, lemuel_fruit_tree,
          infiniplex_staircase_pool, serial_bayou_shore_a
Lair:2:   layout_cave_pods, minmay_swamp_entry_reptiles,
          hellmonk_spider_entry_not_the_bees, serial_bayou_shore_b
Lair:3:   layout_regular_city
Lair:4:   layout_regular_city, slime_entry_2, grunt_megastairs_3
Lair:5:   hangedman_lair_caniforms_friends, layout_misc_corridors,
          guppyfry_lair_end_dragon, grunt_forest_stairs_basic,
          chequers_serial_rivers_large_a, hangedman_lair_generics_rect,
          uniq_snorg
Spider:1: layout_spider_delve, uniq_mlioglotl
Orc:1:    layout_diamond_mine, nicolae_orc_bridge_out, nicolae_shop_vocational
Orc:2:    grunt_orc_gardens, layout_caves, grunt_orc_garden, grunt_orc_garden,
          grunt_orc_garden, grunt_orc_garden,
          portal_ice_cave_entry_ice_simulacra

Skill      XL: |  1  2  3  4  5  6  7  8  9 10 11 12 13 14 15 16 |
---------------+-------------------------------------------------+-----
Axes           | 4 5 6 7 8 9 10 | 10.3
Fighting       | 4 5 6 7 9 11 14 15 | 15.0
Armour         | 5 9 13 15 | 15.2
Dodging        | 4 7 8 11 12 | 12.0
Maces & Flails | 5 10 11 12 | 12.8
Evocations     | 1 10 11 | 11.5
Shields        | 12 14 | 14.4

Action                   |  1- 3 |  4- 6 |  7- 9 | 10-12 | 13-15 | 16-18 || total
-------------------------+-------+-------+-------+-------+-------+-------++-------
Melee: Hand axe          |    60 |   171 |   230 |       |       |       ||   461
       Headbutt          |    12 |    34 |    70 |    69 |   450 |    71 ||   706
       Punch             |       |     2 |     3 |     4 |    22 |     5 ||    36
       War axe           |       |       |    87 |       |       |       ||    87
       Whip              |       |       |    62 |   369 |  1822 |   170 ||  2423
       Kick              |       |       |       |       |    79 |    26 ||   105
       Morningstar       |       |       |       |       |       |   135 ||   135
Evoke: Piece from Xom's  |       |       |       |     2 |       |       ||     2
       Wand              |       |       |       |     3 |     1 |       ||     4
       Tin of tremorston |       |       |       |     1 |       |       ||     1
  Use: Scroll            |       |     2 |    15 |    11 |     7 |     3 ||    38
       Potion            |       |       |    10 |     8 |     4 |    13 ||    35
 Stab: Paralysed         |       |     4 |       |       |       |     1 ||     5
       Confused          |       |       |     2 |       |     2 |       ||     4
       Petrified         |       |       |       |    16 |     1 |       ||    17
       Petrifying        |       |       |       |     2 |     1 |       ||     3
       Distracted        |       |       |       |     1 |     2 |       ||     3
       Invisible         |       |       |       |       |     7 |       ||     7
Armor: Leather armour    |    29 |    47 |    50 |       |       |       ||   126
       Chain mail        |       |       |    44 |   162 |     7 |       ||   213
       Skin              |       |       |    32 |       |       |    46 ||    78
       Plate armour      |       |       |       |       |   168 |       ||   168
       Crystal plate arm |       |       |       |       |   906 |   303 ||  1209
Dodge: Dodged            |    35 |    80 |   182 |   170 |   542 |   130 ||  1139
Block: Tower shield      |       |       |       |       |       |   101 ||   101
